 Dungeon Crawl Stone Soup version 0.24.0-35-gdb84b6a5db (webtiles) character file.

Game seed: 16591551592531794811, levelgen mode: deterministic

202 Flugslaktarn the Chopper (level 5, -1/47 HPs)
             Began as a Minotaur Fighter on Nov 17, 2019.
             Was an Initiate of Makhleb.
             Succumbed to Blork the orc's poison
             ... on level 4 of the Dungeon.
             The game lasted 00:00:51 (1776 turns).

Flugslaktarn the Chopper (Minotaur Fighter)         Turns: 1776, Time: 00:00:51

Health: -1/47      AC: 12    Str: 22    XL:     5   Next: 50%
Magic:  4/5        EV:  7    Int:  5    God:    Makhleb [......]
Gold:   137        SH:  9    Dex:  9    Spells: 4/4 levels left

rFire    . . .     SeeInvis .   a - +0 war axe
rCold    . . .     Gourm    .   c - +0 shield
rNeg     + . .     Faith    .   o - +0 pearl dragon scales
rPois    .         Spirit   .   (helmet restricted)
rElec    .         Reflect  .   (no cloak)
rCorr    .         Harm     .   (no gloves)
MR       .....                  (no boots)
Stlth    ..........             (no amulet)
HPRegen  0.15/turn              (no ring)
MPRegen  0.09/turn              (no ring)

@: lethally poisoned (-1 -> -34)
A: retaliatory headbutt, horns 2
a: Renounce Religion


You were on level 4 of the Dungeon.
You worshipped Makhleb.
Makhleb was noncommittal.
You were hungry.

You visited 1 branch of the dungeon, and saw 3 of its levels.

You collected 137 gold pieces.

Inventory:

Hand Weapons
 a - a +0 war axe (weapon)
Armour
 c - a +0 shield (worn)
 n - a +0 plate armour
   (You found it on level 2 of the Dungeon)
 o - +0 pearl dragon scales (worn)
   (You found it on level 4 of the Dungeon)
Scrolls
 b - a scroll of remove curse {unknown}
 h - a scroll of magic mapping {unknown}
 i - a scroll of amnesia {unknown}
 j - a scroll of enchant armour {unknown}
 l - a scroll of teleportation {unknown}
 m - a scroll of enchant weapon {unknown}
Potions
 d - a potion of might
 f - a potion of lignification {unknown}
 g - a potion of agility {unknown}
 k - a potion of berserk rage {unknown}
Comestibles
 e - 3 rations


   Skills:
 + Level 4.5 Fighting
 * Level 4.6 Axes
 + Level 4.5 Armour
 + Level 4.5 Shields
 + Level 1.4 Invocations


You had 4 spell levels left.
You didn't know any spells.
Your spell library was empty.

Dungeon Overview and Level Annotations

Branches:
Dungeon (2/15)

Altars:
Makhleb

Annotations:
D:4 Blork the orc


Innate Abilities, Weirdness & Mutations

You reflexively headbutt those who attack you in melee.
You have a pair of horns on your head.


Message History

You are more poisoned.
You hit Blork the orc but do no damage. You headbutt Blork the orc.
Blork the orc is heavily wounded.
* * * LOW HITPOINT WARNING * * *
You feel very sick.
Blork the orc looks satisfied for a moment.
Blork the orc frowns.
You block Blork the orc's attack.
Unknown command.
You aren't carrying any items that you can evoke.
Unknown command.
You barely miss Blork the orc. You headbutt Blork the orc.
Blork the orc is severely wounded.
* * * LOW HITPOINT WARNING * * *
You feel very sick. You block Blork the orc's attack.
Unknown command.
You hit Blork the orc.
Blork the orc is severely wounded.
You die...

... .... ... .#..
....#########'####'#...
#.....................
#......................
#......................
#....o.................
#.....@)..............
+.....)...............
#........#####....####
#........# #....#..#
#........# #.)..#..#
#........# #.รท..'..#
#........#...#....#..#
#........#...#....# .#
#........#...#..).# .


You could see Blork the orc.

Vanquished Creatures
  An ogre (D:4)
  An orc priest (D:4)
  2 worker ants (D:4)
  A worm (D:2)
  A dart slug (D:1)
  A leopard gecko (D:1)
  3 orcs (D:4)
  4 giant cockroaches (D:1)
  6 goblins
  A hobgoblin (D:1)
  2 jackals (D:4)
  A ball python (D:2)
  5 bats
  2 frilled lizards (D:1)
  2 kobolds (D:1)
33 creatures vanquished.

Notes
Turn   | Place    | Note
-------+----------+-------------------------------------------
     0 | D:1      | Flugslaktarn the Minotaur Fighter began the quest for the
                  | Orb.
     0 | D:1      | Reached XP level 1. HP: 19/19 MP: 0/0
   207 | D:1      | Reached XP level 2. HP: 27/27 MP: 1/1
   965 | D:2      | Found a burning altar of Makhleb.
   993 | D:2      | Became a worshipper of Makhleb the Destroyer
  1106 | D:2      | Reached XP level 3. HP: 29/33 MP: 2/2
  1175 | D:2      | You fall into a shaft and drop 2 floors!
  1426 | D:4      | Reached XP level 4. HP: 40/40 MP: 3/3
  1504 | D:4      | Noticed an ogre
  1515 | D:4      | Killed an ogre
  1515 | D:4      | Reached skill level 1 in Invocations
  1515 | D:4      | Reached XP level 5. HP: 12/47 MP: 4/4
  1763 | D:4      | Noticed Blork the orc
  1775 | D:4      | HP: 2/47 [poisoned by Blork the orc]
  1776 | D:4      | Succumbed to Blork the orc's poison

Levels and vault maps discovered:
D:1:      eino_arrival_tree_alley, layout_basic
D:2:      layout_basic, tgw_fedhas, nicolae_overflow_crystal_walls,
          first_ration, serial_bayou_lagoon_b
D:4:      cheibrodos_helix_gallery, layout_gridville, uniq_ijyb,
          uniq_blork_the_orc

Skill      XL: |  1  2  3  4 |
---------------+-------------+-----
Axes           | 3 4 |  4.6
Armour         | 4 |  4.5
Fighting       | 4 |  4.5
Shields        | 4 |  4.5
Invocations    | 1 |  1.4

Action                   |  1- 3 |  4- 6 || total
-------------------------+-------+-------++-------
Melee: War axe           |    50 |    21 ||    71
       Headbutt          |    12 |     4 ||    16
  Eat: Chunk             |     2 |       ||     2
Armor: Scale mail        |    17 |       ||    17
       Plate armour      |     1 |       ||     1
       Pearl dragon scal |       |     4 ||     4
Dodge: Dodged            |    13 |     8 ||    21
Block: Shield            |    32 |     9 ||    41
